 Dungeon Crawl Stone Soup version 0.27-a0-1431-gcffa5a9b16 (webtiles) character file.

Game seed: 14865364343574252149

415 Sin92 the Skirmisher (level 6, -14/48 HPs)
             Began as a Demonspawn Fighter on July 2, 2021.
             Demolished by an ogre (17 damage)
             ... on level 5 of the Dungeon.
             The game lasted 00:05:13 (5298 turns).

Sin92 the Skirmisher (Demonspawn Fighter)           Turns: 5298, Time: 00:05:14

Health: -14/48     AC: 10    Str: 16    XL:     6   Next: 60%
Magic:  6/6        EV:  5    Int: 13    God:
Gold:   243        SH:  9    Dex: 15    Spells: 5/5 levels left

rFire    . . .     SeeInvis .   a - +0 long sword
rCold    . . .     Faith    .   c - +0 kite shield
rNeg     . . .     Spirit   .   j - +0 chain mail
rPois    .         Reflect  .   g - +0 helmet
rElec    .         Harm     .   (no cloak)
rCorr    .         Rampage  .   (no gloves)
Will     .....                  (no boots)
Stlth    ..........             (no amulet)
HPRegen  0.16/turn              (no ring)
MPRegen  0.10/turn              (no ring)

@: no status effects
A: hooves 1, big brain 2, demonic magic 1
a: no special abilities


You were on level 5 of the Dungeon.
You visited 1 branch of the dungeon, and saw 5 of its levels.

You collected 243 gold pieces.

Inventory:

Hand Weapons
 a - a +0 long sword (weapon)
Missiles
 m - 4 atropa-tipped darts (quivered)
Armour
 b - a +0 scale mail
 c - a +0 kite shield (worn)
 g - a +0 helmet (worn)
 j - a +0 chain mail (worn)
Jewellery
 s - a +6 ring of strength
Wands
 n - a wand of iceblast (8)
Scrolls
 f - 2 scrolls of magic mapping {unknown}
 h - 5 scrolls of identify {unknown}
 i - a scroll of blinking {unknown}
 k - 3 scrolls of amnesia {unknown}
 l - a scroll of teleportation {unknown}
 o - a scroll of immolation {unknown}
 p - a scroll of fog {unknown}
 t - a scroll of holy word {unknown}
Potions
 d - 3 potions of might
 e - 2 potions of attraction {unknown}
 q - a potion of curing {unknown}
 r - a potion of invisibility {unknown}


   Skills:
 + Level 4.3 Fighting
 + Level 3.2 Long Blades
 + Level 3.8 Armour
 + Level 2.4 Dodging
 + Level 3.9 Shields


You had 5 spell levels left.
You didn't know any spells.
Your spell library contained the following spells:

 Spells                   Type           Power      Damage    Failure   Level
 Sublimation of Blood     Necr           0%         N/A       100%        2
 Petrify                  Tmut/Erth      0%         N/A       100%        4
 Irradiate                Conj/Tmut      0%         3d13      100%        5


Dungeon Overview and Level Annotations

Branches:
Dungeon (5/15)
 Temple: D:4-7

Altars:
Fedhas
Gozag
Vehumet
Yredelemnul

Shops:
D:2 *?*=   D:4 !   D:5 =!

Annotations:
D:4 exclusion: statue
D:5 1 runed translucent door


Innate Abilities, Weirdness & Mutations

You have large cloven feet.
You have an extremely huge brain. (Int +4)
Spells you cast may paralyse adjacent enemies.


Message History

No target in view!
Found an escape hatch in the floor.
No target in view!
Found a stone staircase leading down.
Unknown command.
No target in view!
There is a stone staircase leading down here.
Found a stone staircase leading down.
No target in view!
Found Rutruix's Jewellery Shoppe.
No target in view!
You now have 243 gold pieces (gained 15).
Key pressed, stopping explore.
No target in view!
Unknown command.
No target in view!
An ogre comes into view. It is wielding a +0 giant club.
The ogre shouts!
The ogre moves out of view.
No target in view!
The ogre hits you with a +0 giant club!!
Found a stone staircase leading down.
Unknown command.
You hit the ogre.
The ogre is lightly wounded.
The ogre hits you with a +0 giant club!!
* * * LOW HITPOINT WARNING * * *
An ogre is nearby!
Unknown command.
You are too injured to fight recklessly!
Unknown command.
An ogre is nearby!
You are too injured to fight recklessly!
You slash the ogre! You kick the ogre.
The ogre is heavily wounded.
The ogre barely misses you.
You hit the ogre. You kick the ogre.
The ogre is severely wounded.
You block the ogre's attack. The ogre hits you with a +0 giant club!
You die...

#### ##.#.>.# ...
##.#...# ..
##..#.∩.#
##..##...#
#..#######
#.##...... .....
#.##....# ....##
#.#O....## ..#..
##@......##### ....
#>.#####.......#...
..##. .....#..# ##.
#. ........# # ..
......... ..
..#####.# #.. ##.
#.# ## #


You could see an ogre.

Vanquished Creatures
  A water moccasin zombie (D:5)
  4 hounds
  2 jellies (D:5)
  Jessica (D:2)
  An iguana (D:5)
  5 adders
  2 worms (D:4)
  2 dart slugs (D:1)
  3 orcs
  3 ball pythons
  8 endoplasms
  2 giant cockroaches
  5 goblins
  9 hobgoblins
  2 jackals (D:4)
  4 quokkas
  3 bats
  4 frilled lizards
  10 kobolds
  A quokka skeleton (D:4)
  9 rats
81 creatures vanquished.

Notes
Turn   | Place    | Note
-------+----------+-------------------------------------------
     0 | D:1      | Sin92 the Demonspawn Fighter began the quest for the Orb.
     0 | D:1      | Reached XP level 1. HP: 18/18 MP: 1/1
   464 | D:1      | Gained mutation: You have an unusually large brain. (Int
                  | +2) [demonic ancestry]
   464 | D:1      | Reached XP level 2. HP: 8/24 MP: 2/2
  1602 | D:2      | Found Agounn's General Store.
  1604 | D:2      | Found Bott's Magic Scroll Shoppe.
  1754 | D:2      | Gained mutation: Spells you cast may paralyse adjacent
                  | enemies. [demonic ancestry]
  1754 | D:2      | Reached XP level 3. HP: 24/29 MP: 3/3
  1842 | D:2      | Reached skill level 1 in Dodging
  1963 | D:2      | Found Otahesegh's Jewellery Shop.
  2117 | D:2      | Noticed Jessica
  2120 | D:2      | Killed Jessica
  2121 | D:2      | Gained mutation: You have large cloven feet. [demonic
                  | ancestry]
  2121 | D:2      | Reached XP level 4. HP: 34/35 MP: 4/4
  2248 | D:2      | Found Mezarah's General Store.
  3692 | D:4      | Reached XP level 5. HP: 36/42 MP: 5/5
  3881 | D:4      | Found Woih's Distillery.
  3884 | D:4      | Found a blossoming altar of Fedhas.
  3928 | D:4      | Found a radiant altar of Vehumet.
  3928 | D:4      | Noticed a frost-covered statue
  4112 | D:4      | Found an opulent altar of Gozag.
  4268 | D:5      | Entered Level 5 of the Dungeon
  4330 | D:5      | Reached skill level 4 in Fighting
  4333 | D:5      | Found Zuiph's Distillery.
  4617 | D:5      | Found a runed translucent door.
  4617 | D:5      | Noticed a human
  4648 | D:5      | Found a basalt altar of Yredelemnul.
  4717 | D:5      | Gained mutation: You have an extremely huge brain. (Int +4)
                  | [demonic ancestry]
  4717 | D:5      | Reached XP level 6. HP: 42/48 MP: 6/6
  5231 | D:5      | Found Rutruix's Jewellery Shoppe.
  5296 | D:5      | HP: 2/48 [ogre (23)]
  5298 | D:5      | Demolished by an ogre

Illustrated notes

Levels and vault maps discovered:
D:1:      dpeg_arrival_rooms_c, layout_loops_corners, kennysheep_minor_cross,
          minmay_tall_x
D:2:      wander_river, layout_rooms, serial_shops, shop_statue, shop, shop,
          nicolae_shop_trees, uniq_jessica
D:3:      layout_loops_ring
D:4:      layout_gridville, fedhas_altar_2, lemuel_crystal_altar,
          vehumet_statue, serial_shops, shop, minmay_statues_item
D:5:      layout_layer_cave, dk_yredelemnul_ordeal, serial_shops,
          nicolae_take_the_stairs, nicolae_shop_waterfront

Skill      XL: |  1  2  3  4  5  6 |
---------------+-------------------+-----
Long Blades    | 2 3 |  3.2
Armour         | 3 |  3.8
Shields        | 3 |  3.9
Dodging        | 1 2 |  2.4
Fighting       | 4 |  4.3

Action                   |  1- 3 |  4- 6 || total
-------------------------+-------+-------++-------
Melee: Long sword        |    95 |   172 ||   267
       Kick              |       |    37 ||    37
Armor: Scale mail        |    34 |       ||    34
       Chain mail        |    26 |   108 ||   134
Dodge: Dodged            |    23 |    43 ||    66
Block: Kite shield       |    57 |    81 ||   138
       Rpst.: Long sword |    10 |    11 ||    21

Table legend: (Time is in decaauts)
 A = Elapsed time spent in this place.
 B = Non-inter-level travel time spent in this place.
 C = Inter-level travel time spent in this place.
 D = Time resting spent in this place.
 E = Time spent auto-exploring this place.
 F = Levels seen in this place.
 G = Mean time per level.
                   A        B        C        D        E       F      G
               +--------+--------+--------+--------+--------+-----+--------+
         Total |   5445 |   5322 |    123 |    146 |   4475 |   5 | 1089.0 |
       Dungeon |   5445 |   5322 |    123 |    146 |   4475 |   5 | 1089.0 |
               +--------+--------+--------+--------+--------+-----+--------+

Top non-repeatable levels by time:
     D:1: 1603 daAuts
     D:2: 1121 daAuts
     D:5: 1051 daAuts
     D:4: 933 daAuts
     D:3: 734 daAuts
